Unix NetHack Version 5.0.0-0 post-release - last build Jun 10 2026 00:39:30 (3ee93aec679c4c4259841fe613dc97188e26a321,branch:main).

Game began 2026-06-21 12:40:04, ended 2026-06-23 23:25:37.

Jyopro, lawful female human Valkyrie

                                ----
                             .%....|                                m
       ---------        ----..h....--
       |.......|        |.....%)........   ........-
       |......------    |--...%^.)....<............|m
       |*.--........-----....*.....%.....G.........|
       --..--.-----........|....h.)...........^..---
        --..--.m  -----------..................---.--------- h
         |...--               .....*.......- -...............
          --..-----           --- .......--- ------------...--
           .h.%..%--               -------               --h..--
             .---..--                                     --...---
                --..---------------------                  ---....
                 --..|..h...............---          o       |.....
                   -......................|        o oo-      --..-
                   ----...........n.....---          -.@------...--
          m           |.....).........|..|         oo|^w~........|
                      --------------------           ------------
Jyopro the Fighter          St:17 Dx:13 Co:17 In:9 Wi:10 Ch:10  Lawful
Dlvl:12 $:31 HP:0(72) Pw:18(19) AC:-4 Xp:8 T:6386  Blind Deaf

Latest messages:
 You hit the small mimic.
 You hit the small mimic!
 You hit the small mimic!
 You are almost hit by an arrow.
 An arrow misses you.
 You kill the small mimic!
 You swap places with the peaceful dwarf lord.
 A dart misses you.
 It is missed.
 An arrow misses you.
 It is hit.
 It is destroyed!
 You swap places with the peaceful dwarf lord.
 You feel your magical energy drain away!
 Pick a monster, object or location.
 You hear an E flat squeak in the distance.
 You hit the gnome!
 The gnome hits!
 You kill the gnome!
 You hear distant howling.
 Really step onto that magic trap? [yn] (n) y
 You are momentarily blinded by a flash of light!
 You hear a deafening roar!
 A cockatrice suddenly appears next to you!
 A water nymph suddenly appears next to you!
 A long worm suddenly appears next to you!
 An Uruk-hai suddenly appears close by!
 An Uruk-hai suddenly appears close by!
 An Uruk-hai suddenly appears close by!
 An Uruk-hai suddenly appears close by!
 An Uruk-hai suddenly appears close by!
 An Uruk-hai suddenly appears close by!
 Pick a monster, object or location.
 You hit the cockatrice.
 The water nymph pretends to be friendly.
 The water nymph stole a potion called Acid.
 The water nymph vanishes and reappears farther away.
 The cockatrice bites!
 The cockatrice misses!
 You hit the cockatrice.
 You kill the cockatrice!
 You try to feel what is lying here on the floor.
 You feel here a cockatrice corpse.
 Touching the cockatrice corpse is a fatal mistake...
 You turn to stone...
 Do you want your possessions identified? [ynq] (y) y
 Do you want to see your attributes? [ynq] (y) y
 Do you want an account of creatures vanquished? [ynaq] (y) y
 Do you want to see your conduct and achievements? [ynq] (y) y
 Do you want to see the dungeon overview? [ynq] (y) y

Inventory:
 Coins    ('$')
  $ - 31 gold pieces
 Weapons  (')')
  Z - 3 blessed +0 daggers
  b - a +0 dagger (alternate weapon; not wielded)
  t - a blessed +1 elven spear
  a - a +2 spear (weapon in right hand)
 Armor    ('[')
  y - an uncursed +0 pair of iron shoes (being worn)
  c - an uncursed +3 small shield (being worn)
  h - a cursed +2 mummy wrapping (being worn)
  z - an uncursed +0 banded mail (being worn)
 Comestibles  ('%')
  x - 3 cursed food rations
 Scrolls  ('?')
  i - a blessed scroll of blank paper
  T - an uncursed scroll of confuse monster
  B - an uncursed scroll of create monster
  f - a cursed scroll of enchant armor
  N - a cursed scroll of light
 Potions  ('!')
  g - an uncursed potion of enlightenment
  V - a blessed potion of levitation named Good?
  l - an uncursed potion of water
 Rings    ('=')
  L - a cursed -2 ring of increase accuracy
 Wands    ('/')
  n - a wand of teleportation (0:2)
 Tools    ('(')
  E - an empty uncursed sack
  Q - an uncursed mirror
  P - an uncursed oil lamp
  D - a +0 pick-axe
  e - an uncursed tin whistle
  j - an uncursed towel
 Gems/Stones  ('*')
  d - an uncursed amethyst stone
  k - an uncursed jet stone
  O - an uncursed worthless piece of blue glass (in quiver pouch)
  S - 5 uncursed worthless pieces of green glass
  U - an uncursed worthless piece of orange glass
  u - an uncursed worthless piece of red glass
  W - an uncursed worthless piece of yellowish brown glass

Jyopro the Valkyrie's attributes:

Background:
 You were a Fighter, a level 8 human Valkyrie.
 You were lawful, on a mission for Tyr
 who was opposed by Odin (neutral) and Loki (chaotic).
 You were right-handed.
 You were in the Gnomish Mines, on level 12.
 You entered the dungeon 6386 turns ago.
 It was nighttime.
 You had 1916 experience points, 644 more were needed to attain level 9.

Basics:
 You had 0 out of 72 hit points.
 You had 18 out of 19 energy points (spell power).
 Your armor class was -4.
 Your wallet contained 31 zorkmids.
 Autopickup was off.

Final Characteristics:
 Your strength was 17 (peak:18/01, limit:18/100).
 Your dexterity was 13 (limit:18).
 Your constitution was 17 (peak:18, limit:18).
 Your intelligence was 9 (limit:18).
 Your wisdom was 10 (limit:18).
 Your charisma was 10 (limit:18).

Final Status:
 You were temporarily blind.
 You were deaf.
 You weren't hungry.
 You were unencumbered.
 You were wielding a spear.
 You had basic skill with spear and could have enhanced that.

Final Attributes:
 You were piously aligned.
 You were cold resistant.
 You were telepathic.
 You were stealthy.
 You were warded.
 Your spell casting was impaired by metallic armor.
 You were fast.
 You are dead (2nd time!).

Miscellaneous:
 You encountered 1 bones level.
 Total elapsed playing time was 3 hours, 17 minutes and 13 seconds.

Major events:
 Turn
    1: Jyopro the lawful human Valkyrie entered the dungeon
 1547: attained the rank of Skirmisher (level 3)
 2881: entered the Gnomish Mines
 3488: attained the rank of Fighter (level 6)
 3926: reached Mine Town
 5659: averted death (killed by a mumak)
 6386: petrified by touching a cockatrice corpse bare-handed

Spells:
 Name                 Level Category     Fail Retention
 detect monsters        1   divination   100%  76%-100%

Skills:
 Fighting Skills
   bare handed combat [Unskilled]
   two weapon combat  [Unskilled]
   riding             [Unskilled]
 Weapon Skills
   dagger             [Basic]
   axe                [Unskilled]
   pick-axe           [Unskilled]
   short sword        [Unskilled]
   broadsword         [Unskilled]
   long sword         [Unskilled]
   two-handed sword   [Unskilled]
   saber              [Unskilled]
   hammer             [Unskilled]
   quarterstaff       [Unskilled]
   polearms           [Unskilled]
   spear              [Basic]
   trident            [Unskilled]
   lance              [Unskilled]
   sling              [Unskilled]
 Spellcasting Skills
   attack spells      [Unskilled]
   escape spells      [Unskilled]

Voluntary challenges:
 Character rerolling was not enabled.
 You never genocided any monsters.
 You never polymorphed an object.
 You never changed form.
 You used no wishes.
Achievements:
 You entered a shop.
 You attained the rank of Skirmisher.
 You entered the Gnomish Mines.
 You attained the rank of Fighter.
 You entered Minetown.
 You entered a temple.

 The Dungeons of Doom: levels 1 to 5
    Level 1:
    Level 2:
       A general store.
    Level 3:
    Level 4:
       A fountain, a grave.
       Stairs down to The Gnomish Mines.
    Level 5:
       A fountain.
 The Gnomish Mines: levels 5 to 12
    Level 5:
    Level 6:
    Level 7:
    Level 8:
       Many shops, a temple and an altar to Tyr, some fountains, a grave.
       Final resting place for
          OldGuy-Wiz-Hum-Fem-Cha, killed by Mr. Bordeyri; the shopkeeper.
    Level 9:
    Level 10:
    Level 11:
    Level 12: <- You were here.
       Final resting place for
          you, petrified by touching a cockatrice corpse bare-handed.


Vanquished creatures:
  a ghost
  2 small mimics
  a wood golem
  a quivering blob
  a cockatrice
  a lynx
 an orc-captain
 an iron piercer
  a mumak
  a giant spider
  2 horses
  5 gnome rulers
  a yeti
  a blue jelly
  a gnome mummy
  a water nymph
  a yellow light
  a shrieker
  a violet fungus
 11 gnome leaders
  3 gnomish wizards
  a kobold mummy
  a ghoul
  a little dog
  3 floating eyes
  2 kittens
  3 dwarves
  a homunculus
  a kobold shaman
  2 rothes
  a rabid rat
  a wererat
 an iguana
  a coyote
  a gas spore
  2 hobbits
  2 hobgoblins
  2 giant rats
  7 cave spiders
  4 brown molds
  a red mold
 51 gnomes
  a gnome zombie
  a gecko
  5 jackals
  a kobold
  2 goblins
  a sewer rat
  6 grid bugs
  6 lichens
  a kobold zombie
 10 newts
162 creatures vanquished.

No species were genocided or became extinct.

Game over:
                       ----------
                      /          \
                     /    REST    \
                    /      IN      \
                   /     PEACE      \
                  /                  \
                  |      Jyopro      |
                  |      31 Au       |
                  |   petrified by   |
                  |    touching a    |
                  |    cockatrice    |
                  |      corpse      |
                  |       2026       |
                 *|     *  *  *      | *
        _________)/\\_//(\/(/\)/\//\/|_)_______

Farvel Jyopro the Valkyrie...

You turned to stone in The Gnomish Mines on dungeon level 12 with 8282 points,
and 31 pieces of gold, after 6386 moves.
You were level 8 with a maximum of 72 hit points when you turned to stone.

